 Dungeon Crawl Stone Soup version 0.16-a0-286-g6bac339 (webtiles) character file.

178 MrRokkomies the Stinger (level 5, -2/31 HPs)
             Began as an Octopode Venom Mage on Aug 28, 2014.
             Killed from afar by an orc wizard (6 damage)
             ... with a magic dart
             ... on Level 3 of the Dungeon.
             The game lasted 00:08:21 (3964 turns).

MrRokkomies the Stinger (Octopode Venom Mage)       Turns: 3964, Time: 00:08:21

HP  -2/31        AC  6     Str  9      XL: 5   Next: 58%
MP   4/9         EV 12     Int 17      God:
Gold 114         SH  0     Dex 12      Spells:  3 memorised,  2 levels left

rFire  . . .     SeeInvis .     a - +2 mace (protect)
rCold  . . .     Clarity  .     (no shield)
rNeg   + . .     rCorr    .     (helmet restricted)
rPois  .         rRot     .     (no amulet)
rElec  .         Spirit   .     l - ring of invisibility
SustAb .         Warding  .     h - ring of positive energy
rMut   .         Stasis   .     (no ring)
Gourm  .                        (no ring)
MR     .....                    (no ring)
                                (no ring)
                                (no ring)
                                (no ring)

@: very slightly contaminated, not resistant to hostile enchantments, fairly
stealthy
A: almost no armour, amphibious, 8 rings, constrict 8, camouflage 1, gelatinous
body 1
a: Evoke Invisibility


You were on level 3 of the Dungeon.
You were not hungry.

You visited 1 branch of the dungeon, and saw 3 of its levels.

You collected 114 gold pieces.

Inventory:

Hand weapons
 a - a +2 mace of protection (weapon)
Comestibles
 c - 4 bread rations
 f - a meat ration
Scrolls
 j - 2 scrolls of enchant armour
Jewellery
 h - a ring of positive energy (right tentacle)
 l - a ring of invisibility (left tentacle)
Potions
 d - a potion of restore abilities {unknown}
 e - a potion of agility {unknown}
 m - a potion of haste {unknown}
 n - a potion of magic {unknown}
Books
 b - a Young Poisoner's Handbook

   Spells                             Type                      Level
   *Sting                             Conjuration/Poison           1
   *Cure Poison                       Poison                       2
   *Mephitic Cloud                    Conjuration/Poison/Air       3
   Olgreb's Toxic Radiance            Poison                       4
   Venom Bolt                         Conjuration/Poison           5
 g - a book of Summonings

   Spells                             Type                      Level
   Abjuration                         Summoning                    3
   Recall                             Summoning/Translocation      3
   Shadow Creatures                   Summoning                    5
   Summon Demon                       Summoning                    5
   Summon Forest                      Summoning/Translocation      5
   Monstrous Menagerie                Summoning                    6


   Skills:
 - Level 2.0 Dodging
 - Level 2.6 Stealth
 - Level 2.0 Spellcasting
 * Level 3.2 Conjurations
 * Level 6.8 Poison Magic


You had 2 spell levels left.
You knew the following spells:

 Your Spells              Type           Power        Failure   Level  Hunger
a - Sting                 Conj/Pois      ###.         2%          1    #......
b - Mephitic Cloud        Conj/Pois/Air  ##......     17%         3    ####...
c - Cure Poison           Pois           ###.......   1%          2    ###....


Dungeon Overview and Level Annotations

Branches:
Dungeon (3/15)

Altars:


Innate Abilities, Weirdness & Mutations

You cannot wear most types of armour.
You are amphibious.
You can wear up to eight rings at the same time.
You can use your tentacles to constrict many enemies at once.
Your skin changes colour to match your surroundings (Stealth).
Your rubbery body absorbs attacks (AC +1).


Message History

The orc wizard barely misses you.
Casting: Mephitic Cloud
Confirm with . or Enter, or press ? or * to list all spells.
Aiming: Sting
Press: ? - help, Shift-Dir - straight line, f - giant gecko
Aim: a giant gecko The sting hits the giant gecko.
The giant gecko is poisoned.
You kill the giant gecko!
You constrict the orc wizard. The orc wizard barely misses you.
Casting: Sting
Confirm with . or Enter, or press ? or * to list all spells.
Aiming: Sting
Press: ? - help, Shift-Dir - straight line, f - orc wizard
Aim: an orc wizard, wielding a dagger and wearing a robe (moderately wounded, constricted by you)
The sting hits the orc wizard.
The orc wizard is moderately wounded.
You constrict the orc wizard. The orc wizard casts a spell at you.
The magic dart hits you!
You die...

.........#....###.# ♣..
.........#........# ♣.
.........##.......# ♣♣♣)
..####...##.......#
♣♣♣♣... ####...##.......#
♣♣.♣.♣.♣ #
#.......#######.#♣♣...♣♣♣♣
..##.......# #.#♣..♣♣♣
?...........#######.#♣.♣♣
..............@...##....♣
..............o%...##.#♣♣♣
...............[...##.#
.....##.............#.#
#...................#.#
#...................#.#
♣♣♣
#........###........#.#
♣.♣ #......###
#........#.# ♣♣♣.♣ .....o.
.........#.# ♣♣...♣♣


You could see an orc wizard.

Vanquished Creatures
  9 adders
  2 giant mites
  A worm (D:1)
  3 giant geckos
  2 orcs (D:3)
  10 bats
  4 giant cockroaches
  7 goblins
  5 hobgoblins
  5 kobolds
  A quokka (D:3)
  3 ball pythons
  6 giant newts
  7 jackals
  10 rats
75 creatures vanquished.

Notes
Turn   | Place    | Note
--------------------------------------------------------------
     0 | D:1      | MrRokkomies, the Octopode Venom Mage, began the quest for the Orb.
     0 | D:1      | Reached XP level 1. HP: 11/11 MP: 3/3
    28 | D:1      | Reached skill level 5 in Poison Magic
    63 | D:1      | Reached skill level 1 in Conjurations
   190 | D:1      | Reached XP level 2. HP: 15/17 MP: 4/4
   965 | D:1      | Reached XP level 3. HP: 11/21 MP: 0/6
  1027 | D:1      | Learned a level 3 spell: Mephitic Cloud
  1739 | D:2      | Reached XP level 4. HP: 14/27 MP: 7/7
  1779 | D:2      | Learned a level 2 spell: Cure Poison
  2630 | D:2      | Reached skill level 6 in Poison Magic
  3316 | D:3      | Reached XP level 5. HP: 14/31 MP: 5/9
  3964 | D:3      | Killed from afar by an orc wizard

Action                   |  1- 3 |  4- 6 || total
-------------------------+-------+-------++-------
Melee: Unarmed           |    67 |       ||    67
       Short sword       |    10 |    96 ||   106
       Dagger            |     9 |       ||     9
       Mace              |       |    12 ||    12
 Cast: Sting             |    11 |    11 ||    22
       Cure Poison       |       |     3 ||     3
  Use: Scroll            |       |     6 ||     6
 Stab: Sleeping          |     7 |     5 ||    12
  Eat: Chunk             |     2 |     8 ||    10
